 Dungeon Crawl Stone Soup version 0.30-a0-585-g93115170b9 (webtiles) character file.

Game seed: 14266958400861526878

116 HyperVT the Slasher (level 4, 0/41 HPs)
             Began as a Minotaur Berserker on Jan 2, 2023.
             Was a Believer of Trog.
             Slain by an adder (2 damage)
             ... on level 3 of the Dungeon.
             The game lasted 00:10:54 (2651 turns).

HyperVT the Slasher (Minotaur Berserker)            Turns: 2651, Time: 00:10:54

Health: 0/41       AC:  3    Str: 23 (24) XL:     4   Next: 69%
Magic:  3/3        EV: 12    Int:  2 (4)  God:    Trog [**....]
Gold:   45         SH:  0    Dex:  6 (9)  Spells: 3/3 levels left

rFire   . . .      SeeInvis .    j - +0 halberd
rCold   . . .      Faith    .    (shield currently unavailable)
rNeg    . . .      Spirit   .    b - +0 animal skin
rPois   .          Reflect  .    (helmet restricted)
rElec   .          Harm     .    (no cloak)
rCorr   .          Rampage  .    (no gloves)
Will    .....                    (no boots)
Stlth   +                        (no amulet)
HPRegen 0.26/turn                (no ring)
MPRegen 0.08/turn                (no ring)

@: lethally poisoned (0 -> -4)
A: horns 2, retaliatory headbutt, sense surroundings 1, shaggy fur 1
a: Renounce Religion, Berserk, Trog's Hand


You were on level 3 of the Dungeon.
You worshipped Trog.
Trog was pleased with you.
You visited 1 branch of the dungeon, and saw 3 of its levels.

You collected 45 gold pieces.

Inventory:

Hand Weapons
 a - a +0 falchion
 h - a +0 sling
 j - a +0 halberd (weapon)
Armour
 b - a +0 animal skin (worn)
Scrolls
 i - a scroll of identify
 k - a scroll of torment
Potions
 d - a potion of cancellation


   Skills:
 + Level 4.5 Fighting
 + Level 5.1 Long Blades
 + Level 2.8 Armour
 + Level 3.1 Dodging
 + Level 0.4 Stealth


You had 3 spell levels left.
You didn't know any spells.
Your spell library contained the following spells:

 Spells                   Type           Power      Damage    Failure   Level
 Apportation              Tloc           0%         N/A       54%         1
 Magic Dart               Conj           0%         1d3       54%         1
 Necrotise                Necr           0%         1d4       54%         1
 Sandblast                Erth           0%         2d4       54%         1
 Summon Small Mammal      Summ           0%         N/A       54%         1
 Call Imp                 Summ           0%         N/A       69%         2
 Passwall                 Tmut/Erth      0%         N/A       69%         2
 Call Canine Familiar     Summ           0%         N/A       89%         3
 Mephitic Cloud           Conj/Pois/Air  0%         N/A       89%         3
 Stone Arrow              Conj/Erth      0%         3d7       89%         3
 Summon Guardian Golem    Hex/Summ       0%         N/A       89%         3
 Summon Forest            Summ/Tloc      0%         N/A       100%        5
 Summon Mana Viper        Hex/Summ       0%         N/A       100%        5
 Summon Cactus Giant      Summ           0%         N/A       100%        6


Dungeon Overview and Level Annotations

Branches:
Dungeon (3/15)

Altars:

Shops:
D:1 =


Innate Abilities, Weirdness & Mutations

You have a pair of horns on your head.
You reflexively headbutt those who attack you in melee.
You passively map a small area around you.
You are covered in fur. (AC +1)


Message History

You are more poisoned.
The adder poisons you!
You barely miss the adder.
You feel very sick. The adder bites you. The worm bites you.
You barely miss the adder.
You feel sick. The adder bites you.
You are more poisoned.
The adder poisons you! The adder bites you. The worm closely misses you.
You furiously retaliate!
You headbutt the worm! You closely miss the adder.
Your headbutt misses the adder.
You feel sick. The adder bites you. The adder barely misses you.
You feel sick. The adder misses you.
You barely miss the adder. Your headbutt misses the adder.
You feel sick. The adder bites you.
* * * LOW HITPOINT WARNING * * *
The adder bites you.
* * * LOW HITPOINT WARNING * * *
It was a potion of magic.
Magic courses through your body.
You feel sick. The adder bites you but does no damage.
It was a potion of degeneration.
There was something very wrong with that liquid.
You feel weakened.
You feel dopey.
You feel clumsy.
You feel sick. The adder barely misses you.
You feel sick.
You are no longer poisoned.
The adder bites you.
* * * LOW HITPOINT WARNING * * *
You closely miss the adder. The adder bites you but does no damage.
The adder bites you.
* * * LOW HITPOINT WARNING * * *
The kobold barely misses you. You furiously retaliate!
You headbutt the kobold!
You kill the kobold!
Trog accepts your kill.
You closely miss the adder. The adder closely misses you. x2
You barely miss the adder. The adder bites you but does no damage.
You miss the adder. Your headbutt misses the adder. The adder bites you.
* * * LOW HITPOINT WARNING * * *
You are lethally poisoned!
The adder poisons you! The adder bites you.
You die...

#####.# ####...# ......# #......#
#####.# *......# #.# *,.⌠...# #.#
**,..$(#####**** #.#
**#........,,,*
#.##########.#**,*****,*
#####.#........wS#**,,****,******
................@#*8,,8**,,,,,,,,
#####.#.####.....#*,,,,***,******
...[#.#.# #.....#**,,****,*
#.......# #######_,,,,,**,*
#.......# ***,,****,* ****
#.......# *_,,,,,**,* *,,,
#.......# ***,,****,* *,,,
........# *,,,,**,,* *,,,
........# ***,,****** *,,,


You could see a worm and an adder.

Vanquished Creatures
  5 gnolls
  An adder (D:2)
  2 dart slugs
  An orc (D:2)
  A ball python (D:1)
  An endoplasm (D:3)
  4 giant cockroaches
  2 goblins (D:2)
  8 hobgoblins
  7 jackals (D:1)
  4 quokkas
  2 bats (D:1)
  A frilled lizard (D:2)
  6 kobolds
  4 rats
49 creatures vanquished.

Notes
Turn   | Place    | Note
-------+----------+-------------------------------------------
     0 | D:1      | HyperVT the Minotaur Berserker began the quest for the Orb.
     0 | D:1      | Reached XP level 1. HP: 19/19 MP: 0/0
   137 | D:1      | Reached XP level 2. HP: 23/27 MP: 1/1
   169 | D:1      | Found Viusolet's Jewellery Shop.
   203 | D:1      | Reached skill level 4 in Long Blades
   561 | D:1      | Reached XP level 3. HP: 33/33 MP: 2/2
  1284 | D:2      | Reached ** piety under Trog
  2167 | D:3      | Reached skill level 5 in Long Blades
  2167 | D:3      | Reached XP level 4. HP: 41/41 MP: 3/3
  2496 | D:3      | Gained mutation: You are somewhat resistant to further
                  | mutation. [potion of mutation]
  2497 | D:3      | Lost mutation: You are somewhat resistant to further
                  | mutation. [potion of mutation]
  2497 | D:3      | Gained mutation: You are covered in fur. (AC +1) [potion of
                  | mutation]
  2497 | D:3      | Gained mutation: You passively map a small area around you.
                  | [potion of mutation]
  2651 | D:3      | HP: 2/41 [adder (3)]
  2651 | D:3      | Slain by an adder

Illustrated notes

Levels and vault maps discovered:
D:1:      amcnicky_arrival_feature_with_door, layout_basic, serial_shops, shop
D:2:      layout_loops_corners, minmay_quantized
D:3:      layout_basic, minitemple, hangedman_feature_mirror

Skill      XL: |  1  2  3  4 |
---------------+-------------+-----
Long Blades    | 4 5 |  5.1
Fighting       | 4 |  4.5
Dodging        | 3 |  3.1
Armour         | |  2.8
Stealth        | |  0.4

Action                   |  1- 3 |  4- 6 || total
-------------------------+-------+-------++-------
Melee: Falchion          |    89 |    19 ||   108
       Headbutt          |    15 |     1 ||    16
       Punch             |     1 |       ||     1
       Halberd           |       |    25 ||    25
Invok: Berserk           |     1 |       ||     1
  Use: Potion            |     6 |     4 ||    10
       Scroll            |     2 |     4 ||     6
Armor: Animal skin       |    16 |     7 ||    23
       Skin              |     2 |    16 ||    18
Dodge: Dodged            |    56 |    35 ||    91

Table legend: (Time is in decaauts)
 A = Elapsed time spent in this place.
 B = Non-inter-level travel time spent in this place.
 C = Inter-level travel time spent in this place.
 D = Time resting spent in this place.
 E = Time spent auto-exploring this place.
 F = Levels seen in this place.
 G = Mean time per level.
                   A        B        C        D        E       F      G
               +--------+--------+--------+--------+--------+-----+--------+
         Total |   2678 |   2514 |    164 |     89 |   2079 |   3 |  892.7 |
       Dungeon |   2678 |   2514 |    164 |     89 |   2079 |   3 |  892.7 |
               +--------+--------+--------+--------+--------+-----+--------+

Top non-repeatable levels by time:
     D:1: 1130 daAuts
     D:2: 1008 daAuts
     D:3: 538 daAuts
